 Dungeon Crawl Stone Soup version 0.18-a0-1637-g109f206 (webtiles) character file.

2597 namelastname112 the Martial Artist (level 9, -1/75 HPs)
             Began as a Pale Draconian Monk on Mar 26, 2016.
             Was an Initiate of Ru.
             Killed by divine providence
             ... invoked by an orc priest
              (10 damage)
             ... on level 7 of the Dungeon.
             The game lasted 00:09:02 (6324 turns).

namelastname112 the Martial Artist (DrMo)           Turns: 6324, Time: 00:09:03

Health: -1/75      AC:  8    Str: 14    XL:     9   Next: 33%
Magic:  8/8        EV: 15    Int: 11    God:    Ru [......]
Gold:   240        SH:  4    Dex: 16    Spells: 0 memorised, 8 levels left

rFire  . . .     SeeInvis .       - Unarmed
rCold  . . .     Gourm    .     (armour unavailable)
rNeg   . . .     Faith    .     (no shield)
rPois  +         Spirit   .     (helmet restricted)
rElec  .         Dismiss  .     (no cloak)
rCorr  .         Reflect  +     (no gloves)
SustAt .         Harm     .     u - +0 pair of boots
MR     .....                    e - +4 amulet of reflection
Stlth  ++........               (no ring)
                                H - ring of poison resistance

@: short of breath, not resistant to hostile enchantments, unstealthy
A: breathe steam, unfitting armour, low mp 1, cold-blooded, AC +7
a: Breathe Steam, Renounce Religion


You were on level 7 of the Dungeon.
You worshipped Ru.
Ru was noncommittal.
You were not hungry.

You visited 2 branches of the dungeon, and saw 8 of its levels.

You collected 240 gold pieces.

Inventory:

Armour
 n - a +0 buckler
 u - a +0 pair of boots (worn)
Jewellery
 e - a +4 amulet of reflection (around neck)
 j - an uncursed amulet of the gourmand
 o - an uncursed ring of fire
 H - a ring of poison resistance (left hand)
 J - an uncursed ring of ice
Wands
 c - a wand of confusion (23/48)
 w - a wand of lightning (4/15)
 C - a wand of acid (10/15)
 L - a wand of lightning (6/15)
Scrolls
 d - a scroll of enchant armour {unknown}
 g - a scroll of amnesia {unknown}
 i - 2 scrolls of enchant weapon {unknown}
 l - 3 scrolls of fear {unknown}
 m - 6 scrolls of remove curse {unknown}
 p - a scroll of random uselessness {unknown}
 s - 2 scrolls of noise {unknown}
 A - 2 scrolls of recharging {unknown}
 D - a scroll of immolation {unknown}
 E - a scroll of teleportation {unknown}
 F - 3 scrolls of magic mapping {unknown}
 M - a scroll of blinking {unknown}
 N - a scroll of fog {unknown}
Potions
 f - 3 potions of brilliance
 h - a potion of invisibility
 q - 2 potions of lignification
 r - a potion of flight
 t - 3 potions of agility
 v - 3 potions of ambrosia
 B - a potion of heal wounds {unknown}
 I - a potion of cure mutation {unknown}
 K - 4 potions of curing {unknown}
Books
 k - a book of Annihilations

   Spells                             Type                      Level
   a - Poison Arrow                   Conjuration/Poison           6
   b - Chain Lightning                Conjuration/Air              8
   c - Lehudib's Crystal Spear        Conjuration/Earth            8
   d - Glaciate                       Conjuration/Ice              9
   e - Fire Storm                     Conjuration/Fire             9
 y - an Akashic Record

   Spells                             Type                      Level
   a - Dispersal                      Translocation                6
   b - Malign Gateway                 Summoning/Translocation      7
   c - Disjunction                    Translocation                8
   d - Controlled Blink               Translocation                8
Comestibles
 a - 8 bread rations
 b - 5 meat rations
 x - 6 chunks of flesh
 z - 8 fruits
 G - 3 beef jerkies


   Skills:
 + Level 5.8 Fighting
 + Level 4.6 Dodging
 - Level 1.7 Stealth
 + Level 3.9 Shields
 * Level 11.0 Unarmed Combat


You had 8 spell levels left.
You didn't know any spells.

Dungeon Overview and Level Annotations

Branches:
Dungeon (7/15)             Temple (1/1) D:5

Altars:
Ashenzari
Dithmenos
Elyvilon
Fedhas
Gozag
Nemelex Xobeh
Pakellas
Qazlal
Ru
Sif Muna
Trog
Vehumet
Xom
Yredelemnul
The Shining One


Innate Abilities, Weirdness & Mutations

You can breathe blasts of scalding, opaque steam.
Your pale cyan-grey scales are hard (AC +7).
Your body does not fit into most forms of armour.
Your magical capacity is low (-10% MP).
You are cold-blooded and may be slowed by cold attacks.


Message History

* * * LOW HITPOINT WARNING * * *
You are too injured to fight recklessly!
Press: ? - help, Shift-Dir - straight line, f/p - orc priest
Aim: an orc priest, wielding a flail of protection and wearing a chain mail (heavily wounded)
You exhale a blast of scalding steam.
The ball of steam misses the orc priest.
You feel somewhat more hungry.
The orc priest is engulfed in a cloud of scalding steam.
The orc priest invokes the aid of Beogh against you.
Beogh smites you!
* * * LOW HITPOINT WARNING * * *
You barely miss the orc priest.
You tail-slap the orc priest, but do no damage.
The orc priest is severely wounded.
The quokka zombie is engulfed in a cloud of scalding steam.
You hit the orc priest.
The orc priest is severely wounded.
The orc priest calls down the wrath of Beogh upon you.
Beogh smites you!
You die...

..##.#......##....h>..
..##........#####...#...
..###..(............##..
...##.......####... ##.#
##......(...# ##..# #..##
#..#.......###...# #...##
##.....##.....§§.####....#####
#.....###(####§o#§.....#.....##
....### #.####§Z@.._†.........##
.....# ##.......§..............#
..##.###...###.................!
.###......<###.....†...........#
.###...(.####......÷.).........#
.##..##..###..#P.####))P#......#
)##.^......####.♣##♣♣).##......#
...........# PP####P.♣♣# .....##
.#.........#♣P. ##PP(P# ......


You could see an orc priest and a quokka zombie.

Vanquished Creatures
  The ghost of namelastname112 the Grappler, a novice DrMo of Ru (D:7)
  Grinder (D:6)
  An orc warrior (D:6)
  An ice beast (D:6)
  2 phantoms
  3 ogres
  A big kobold (D:7)
  A giant frog (D:6)
  Blork the orc (D:5)
  A gnoll sergeant (D:5)
  A scorpion (D:5)
  A howler monkey (D:6)
  A crimson imp (D:5)
  A jelly (D:6)
  2 giant frog skeletons
  6 orc priests
  2 hounds
  A centaur skeleton (D:4)
  Jessica (D:2)
  2 iguanas (D:4)
  4 worker ants
  A killer bee zombie (D:6)
  13 gnolls
  5 adders
  A shadow imp (D:6)
  An adder skeleton (D:5)
  4 dart slugs
  2 worms
  4 giant geckos
  18 orcs
  4 bats
  3 giant cockroaches
  8 goblins
  6 hobgoblins
  3 jackals
  25 kobolds
  4 quokkas
  7 giant newts
  A jackal skeleton (D:4)
  A quokka zombie (D:7)
  4 rats
150 creatures vanquished.

Vanquished Creatures (others)
  A fungus (D:5)
1 creature vanquished.

Grand Total: 151 creatures vanquished

Notes
Turn   | Place    | Note
--------------------------------------------------------------
     0 | D:1      | namelastname112 the Draconian Monk began the quest for the Orb.
     0 | D:1      | Reached XP level 1. HP: 19/19 MP: 1/1
   106 | D:1      | Reached XP level 2. HP: 19/26 MP: 2/2
   485 | D:2      | Reached skill level 5 in Unarmed Combat
   485 | D:2      | Reached XP level 3. HP: 20/31 MP: 3/3
   702 | D:2      | Found a basalt altar of Yredelemnul.
   825 | D:2      | Noticed Jessica
   834 | D:2      | Killed Jessica
   834 | D:2      | Reached XP level 4. HP: 34/38 MP: 4/4
  1125 | D:3      | Found a glowing golden altar of the Shining One.
  1316 | D:3      | Reached skill level 6 in Unarmed Combat
  1702 | D:4      | Noticed a phantom
  1732 | D:4      | Reached XP level 5. HP: 26/45 MP: 5/5
  1758 | D:4      | Noticed a phantom
  1771 | D:3      | Killed a phantom
  1771 | D:3      | Reached skill level 7 in Unarmed Combat
  2242 | D:4      | Reached XP level 6. HP: 7/51 MP: 6/6
  2248 | D:5      | Entered Level 5 of the Dungeon
  2248 | D:5      | Noticed Blork the orc
  2718 | D:4      | Reached skill level 8 in Unarmed Combat
  2943 | D:4      | Your scales start taking on a pale cyan-grey colour.
  2943 | D:4      | Reached XP level 7. HP: 48/57 MP: 7/7
  2990 | D:4      | Reached skill level 9 in Unarmed Combat
  3268 | D:4      | Found an oddly glowing altar of Pakellas.
  3554 | D:5      | Found a blossoming altar of Fedhas.
  3648 | D:5      | Reached skill level 1 in Shields
  3652 | D:5      | Reached XP level 8. HP: 36/66 MP: 8/8
  4008 | D:5      | Found a staircase to the Ecumenical Temple.
  4145 | D:5      | Killed Blork the orc
  4372 | D:6      | Found a sparkling altar of Nemelex Xobeh.
  4429 | D:6      | Reached skill level 10 in Unarmed Combat
  4543 | D:6      | Noticed Grinder
  4547 | D:6      | Killed Grinder
  4578 | Temple   | Entered the Ecumenical Temple
  4611 | Temple   | Became a worshipper of Ru the Awakened
  4613 | Temple   | Gained mutation: Your magical capacity is low (-10% MP). [Ru sacrifice]
  4818 | D:6      | Found a shadowy altar of Dithmenos.
  5099 | D:7      | Noticed namelastname112's ghost (novice DrMo)
  5316 | D:7      | Killed namelastname112's ghost
  5316 | D:7      | Reached skill level 5 in Fighting
  5316 | D:7      | Reached XP level 9. HP: 74/74 MP: 8/8
  6064 | D:7      | Found a shattered altar of Ashenzari.
  6106 | D:7      | Reached skill level 11 in Unarmed Combat
  6324 | D:7      | Killed from afar by an orc priest

Vault maps used:
D:1:      minmay_arrival_checkered_box
D:2:      lemuel_crystal_altar, minmay_statues_item, kennysheep_another_room,
          uniq_jessica
D:3:      nicolae_tso_carved_into_rock
D:4:      kennysheep_mini_moat
D:5:      fedhas_altar_3, minmay_temple_entry_from_below_b, first_bread,
          uniq_blork_the_orc
D:6:      grunt_dithmenos_smoke_and_mirrors, nemelex_xobeh_ov_fountains_minmay,
          uniq_grinder
D:7:      kennysheep_kobold_camp, overflow_temple_1_default
Temple:   minmay_temple_bridge_a_8

Skill      XL: |  1  2  3  4  5  6  7  8  9 |
---------------+----------------------------+-----
Unarmed Combat | 5 6 7 8 9 10 11 | 11.0
Shields        | 1 3 |  3.9
Dodging        | 3 4 |  4.6
Fighting       | 5 |  5.8
Stealth        | |  1.7

Action                   |  1- 3 |  4- 6 |  7- 9 || total
-------------------------+-------+-------+-------++-------
Melee: Unarmed           |    82 |   176 |   245 ||   503
Invok: Sacrifice Essence |       |       |     1 ||     1
 Abil: Breathe Steam     |       |       |    15 ||    15
Evoke: Wand              |       |     1 |       ||     1
  Use: Scroll            |       |       |     7 ||     7
       Potion            |       |       |     1 ||     1
 Stab: Sleeping          |       |     3 |     3 ||     6
       Distracted        |       |       |     1 ||     1
  Eat: Chunk             |       |     2 |     6 ||     8
       Fruit             |       |     1 |       ||     1
       Meat ration       |       |     1 |     1 ||     2
